 Dungeon Crawl Stone Soup version 0.23.2 (webtiles) character file.

Game seed: 13485163499914575454

249 Fang the Skirmisher (level 6, -5/58 HPs)
             Began as a Gargoyle Berserker on Apr 11, 2019.
             Was a Believer of Trog.
             Killed from afar by an orc wizard (7 damage)
             ... with a magic dart
             ... on level 4 of the Dungeon.
             The game lasted 00:03:23 (2606 turns).

Fang the Skirmisher (Gargoyle Berserker)            Turns: 2606, Time: 00:03:24

Health: -5/58      AC:  6    Str: 27    XL:     6   Next: 12%
Magic:  6/6        EV: 12    Int:  8    God:    Trog [**....]
Gold:   151        SH:  0    Dex:  9    Spells: 5/5 levels left

rFire    . . .     SeeInvis .   a - +0 war axe
rCold    . . .     Gourm    .   (no shield)
rNeg     + . .     Faith    .   b - +0 animal skin
rPois    ∞         Spirit   .   (no helmet)
rElec    +         Reflect  .   (no cloak)
rCorr    .         Harm     .   (no gloves)
MR       .....                  (no boots)
Stlth    ..........             (no amulet)
HPRegen  0.19/turn              (no ring)
MPRegen  0.10/turn              (no ring)

@: berserking (expiring), very quick
A: negative energy resistance 1, electricity resistance, unbreathing,
petrification resistance, rot immunity, AC +4
a: Berserk, Trog's Hand, Renounce Religion


You were on level 4 of the Dungeon.
You worshipped Trog.
Trog was pleased with you.
You were very hungry.

You visited 1 branch of the dungeon, and saw 4 of its levels.

You collected 151 gold pieces.

Inventory:

Hand Weapons
 a - a +0 war axe (weapon)
Armour
 b - a +0 animal skin (worn)
Jewellery
 o - an uncursed ring of see invisible {unknown}
Wands
 m - a wand of polymorph (6)
Scrolls
 d - 4 scrolls of blinking {unknown}
 e - a scroll of magic mapping {unknown}
 i - a scroll of remove curse {unknown}
 j - 2 scrolls of identify {unknown}
 l - a scroll of fear {unknown}
Potions
 f - 3 potions of curing {unknown}
 g - a potion of berserk rage {unknown}
 h - 2 potions of degeneration {unknown}
 k - a potion of resistance {unknown}
 p - a potion of flight {unknown}
 q - a potion of ambrosia {unknown}
 r - a potion of cancellation {unknown}
Comestibles
 c - 5 rations
 n - 2 chunks of flesh


   Skills:
 + Level 4.6 Fighting
 + Level 3.7 Axes
 + Level 3.9 Armour
 + Level 2.8 Dodging


You had 5 spell levels left.
You didn't know any spells.
Your spell library was empty.

Dungeon Overview and Level Annotations

Branches:
Dungeon (4/15)
 Temple: D:4-7

Altars:
Elyvilon
Gozag
Nemelex Xobeh
Okawaru
Qazlal
Sif Muna
Yredelemnul
Zin


Innate Abilities, Weirdness & Mutations

You are resistant to torment.
Your stone body is resilient. (AC +4)
You are immune to poison.
You resist negative energy. (rN+)
You are resistant to electric shocks. (rElec)
You can survive without breathing.
You are immune to petrification.
You are immune to rotting.


Message History

The puff of frost misses you. Something hits you.
* * * LOW HITPOINT WARNING * * *
You miss something. Something hits you but does no damage.
You slash something!
You hear some strange, mumbled words.
A magic dart appears from out of thin air!
The magic dart hits you.
* * * LOW HITPOINT WARNING * * *
You miss something.
Something hits you but does no damage. x2
You barely miss something. Something hits you but does no damage.
You miss something.
Your skin stops crawling.
You feel less resistant to hostile enchantments.
Something hits you.
* * * LOW HITPOINT WARNING * * *
You closely miss something. Something hits you but does no damage.
You hear some strange, mumbled words.
A magic dart appears from out of thin air!
The magic dart hits you!
You die...

#.......#.##
#............
#.##..###.###
##.#.##..###.#
.............#
#######..###.#
#..###.##
####.........
#o{@).....###
#.###.##### ..
#... ## #####


You could see an orc.

Vanquished Creatures
  An orc priest (D:3)
  2 orc wizards
  Jessica (D:3)
  A worker ant (D:4)
  3 adders
  2 dart slugs
  2 leopard geckos
  8 orcs
  5 bats
  4 giant cockroaches
  5 goblins
  6 hobgoblins
  5 jackals
  A quokka (D:2)
  2 ball pythons
  4 frilled lizards
  13 kobolds
  6 rats
71 creatures vanquished.

Notes
Turn   | Place    | Note
-------+----------+-------------------------------------------
     0 | D:1      | Fang the Gargoyle Berserker began the quest for the Orb.
     0 | D:1      | Reached XP level 1. HP: 14/14 MP: 1/1
   187 | D:1      | Reached XP level 2. HP: 19/19 MP: 2/2
   809 | D:1      | Reached XP level 3. HP: 24/24 MP: 3/3
   934 | D:2      | Reached ** piety under Trog
  1147 | D:2      | Found a white marble altar of Elyvilon.
  1169 | D:2      | Reached XP level 4. HP: 17/29 MP: 4/4
  1395 | D:2      | Found a sparkling altar of Nemelex Xobeh.
  1638 | D:3      | HP: 2/43 [orc wizard/puff of frost (12)]
  1639 | D:3      | Reached skill level 4 in Fighting
  1642 | D:3      | Reached XP level 5. HP: 3/33 MP: 5/5
  1644 | D:3      | HP: 2/49 [kobold/stone (1)]
  1650 | D:3      | HP: 1/49 [kobold/+0 short sword (2)]
  1849 | D:3      | Found an iron altar of Okawaru.
  1849 | D:3      | Found a glowing silver altar of Zin.
  1850 | D:3      | Found a deep blue altar of Sif Muna.
  1853 | D:3      | Found a basalt altar of Yredelemnul.
  1854 | D:3      | Found an opulent altar of Gozag.
  2173 | D:3      | Found a faded altar of an unknown god.
  2224 | D:3      | Noticed Jessica
  2242 | D:3      | Killed Jessica
  2379 | D:3      | Found a stormy altar of Qazlal.
  2596 | D:4      | Reached XP level 6. HP: 13/39 MP: 6/6
  2605 | D:4      | HP: 2/58 [something (4)]
  2606 | D:4      | Killed from afar by an orc wizard

Skill      XL: |  1  2  3  4 |
---------------+-------------+-----
Axes           | 3 |  3.7
Dodging        | 2 |  2.8
Armour         | 3 |  3.9
Fighting       | 4 |  4.6

Action                   |  1- 3 |  4- 6 || total
-------------------------+-------+-------++-------
Melee: Hand axe          |   119 |    32 ||   151
       War axe           |       |   126 ||   126
Invok: Berserk           |       |     2 ||     2
       Trog's Hand       |       |     2 ||     2
  Eat: Chunk             |     1 |     6 ||     7
Armor: Animal skin       |    46 |    63 ||   109
Dodge: Dodged            |   101 |    92 ||   193
